 Dungeon Crawl Stone Soup version 0.19.1-1-g22dce08 (webtiles) character file.

18787 hnnnnnnnnnngh the Shatterer (level 12, -1/107 HPs)
             Began as an Ogre Berserker on Jan 6, 2017.
             Was a High Priest of Trog.
             Slain by a hill giant
             ... wielding a +0 giant spiked club
              (32 damage)
             ... on level 13 of the Dungeon.
             The game lasted 00:21:02 (13090 turns).

hnnnnnnnnnngh the Shatterer (Ogre Berserker)       Turns: 13090, Time: 00:21:02

Health: -1/107     AC:  6    Str: 27 (29) XL:     12   Next: 62%
Magic:  12/12      EV: 10    Int:  8 (9)  God:    Trog [*****.]
Gold:   579        SH:  0    Dex: 11      Spells: 0 memorised, 11 levels left

rFire  + . .     SeeInvis .     y - +0 giant spiked club
rCold  . . .     Gourm    .     p - +0 robe
rNeg   + . .     Faith    .     (shield currently unavailable)
rPois  +         Spirit   .     D - +0 hat
rElec  .         Reflect  .     z - +2 cloak
rCorr  .         Harm     .     (gloves unavailable)
MR     ++...                    (boots unavailable)
Stlth  ++........               u - amulet of rage
                                B - ring of Lischaz {rN+ Int+3}
                                C - ring "Wimureh" {Fire +Blink rPois MR+ Slay+3}

@: marked
A: unfitting armour, fangs 1, thin skeletal structure 1, cold resistance 1,
screaming 1, tough skin 1
a: Berserk, Trog's Hand, Brothers in Arms, Burn Spellbooks, Renounce Religion,
Evoke Blink, Evoke Berserk Rage


You were on level 13 of the Dungeon.
You worshipped Trog.
Trog was extremely pleased with you.
You were not hungry.

You visited 1 branch of the dungeon, and saw 13 of its levels.

You collected 745 gold pieces.
You spent 166 gold pieces at shops.

Inventory:

Hand Weapons
 y - a +0 giant spiked club (weapon)
 G - a +4 morningstar
Missiles
 d - 5 large rocks (quivered)
Armour
 p - a +0 robe (worn)
 z - a +2 cloak (worn)
 D - a +0 hat (worn)
Jewellery
 u - an amulet of rage (around neck)
 B - the ring of Lischaz (right hand) {rN+ Int+3}
   (You acquired it on level 7 of the Dungeon)

   [ring of positive energy]

   It affects your intelligence (+3).
   It protects you from negative energy.
 C - the ring "Wimureh" (left hand) {Fire +Blink rPois MR+ Slay+3}
   (You acquired it on level 7 of the Dungeon)

   [ring of fire]

   It enhances your fire magic.
   It affects your accuracy and damage with ranged weapons and melee attacks
   (+3).
   It protects you from fire.
   It makes you vulnerable to cold.
   It protects you from poison.
   It affects your resistance to hostile enchantments.
   It lets you blink.
 H - a +2 ring of strength
Wands
 a - a wand of disintegration (16/24)
 s - a wand of digging (16/24)
 w - a wand of random effects (19/48)
 A - a wand of enslavement (24/24)
 E - a wand of enslavement (6/24)
 M - a wand of teleportation (2/9)
Scrolls
 e - 7 scrolls of identify
 g - 7 scrolls of enchant weapon
 h - 2 scrolls of fog
 k - a scroll of teleportation
 l - a scroll of immolation
 q - 4 scrolls of remove curse
 x - 3 scrolls of magic mapping
 F - a scroll of enchant armour
 K - a scroll of recharging
Potions
 j - 3 potions of might
 o - a potion of lignification
 r - a potion of degeneration
 t - a potion of cancellation
 v - 2 potions of haste
 I - 2 potions of brilliance
Books
 b - a book of Frost

   Spells                             Type                      Level
   a - Freeze                         Ice                          1
   b - Throw Frost                    Conjuration/Ice              2
   c - Ozocubu's Armour               Charms/Ice                   3
   d - Throw Icicle                   Conjuration/Ice              4
   e - Summon Ice Beast               Ice/Summoning                4
   Trog disapproves of the use of such an item.
 J - a book of Clouds

   Spells                             Type                      Level
   a - Mephitic Cloud                 Conjuration/Poison/Air       3
   b - Conjure Flame                  Conjuration/Fire             3
   c - Poisonous Cloud                Conjuration/Poison/Air       6
   d - Freezing Cloud                 Conjuration/Ice/Air          6
   e - Ring of Flames                 Charms/Fire                  7
   Trog disapproves of the use of such an item.
Comestibles
 c - 3 bread rations
 f - 4 slices of pizza
 i - 7 meat rations
 m - 11 royal jellies
 n - 5 fruits
 L - 3 beef jerkies


   Skills:
 - Level 4.0 Fighting
 * Level 23.3 Maces & Flails
 - Level 2.6 Dodging


You had 11 spell levels left.
You didn't know any spells.

Dungeon Overview and Level Annotations

Branches:
Dungeon (13/15)            Temple (0/1) D:6            Lair (0/6) D:10
    Orc (0/2) D:12
 Vaults: D:13-14

Altars:
Ashenzari
Cheibriados
Dithmenos
Elyvilon
Fedhas
Gozag
Kikubaaqudgha
Makhleb
Ru
Sif Muna
Trog
Vehumet
Yredelemnul
Beogh

Shops:
D:4 *:%   D:7 *


Innate Abilities, Weirdness & Mutations

You are too large for most types of armour.
You have tough skin. (AC +1)
You have very sharp teeth.
You have a somewhat thin skeletal structure. (Dex +2, Stealth)
Your flesh is cold resistant. (rC+)
You occasionally shout uncontrollably at your foes.


Message History

A hill giant comes into view. It is wielding a giant spiked club.
Something hits you! Something hits you.
A centaur warrior comes into view.
Something hits you.
The centaur warrior wields a longbow.
The centaur warrior shoots an arrow.
The arrow hits you!! Something hits you!
You shout at the centaur!
A centaur comes into view.
Things that are here:
an arrow; a disc of storms You impale something!!
Something hits you. Something hits you!
* * * LOW HITPOINT WARNING * * *
You impale something!! Trog accepts your kill.
Reactivating autopickup.
You feel your dexterity returning.
You feel a bit more experienced.
The centaur warrior shoots an arrow.
The arrow barely misses you.
Okay, then.
The hill giant hits you with a giant spiked club!!
You die...

#...............##
#...............>.
#.#####.......>###
#.# #..#####.# #.#
#..# #.# #.# #..#
#.# #.# #..# #.#
#.# #..# #.# #@#
#..# #.#
#C#####..### #..
#...(cc.....
#..c........
############


You could see a hill giant and a centaur.

Vanquished Creatures
  Frances (D:12)
  Gastronok (D:8)
  2 unseen horrors
  5 hill giants
  An ugly thing (D:12)
  A cyclops (D:11)
  An elephant (D:10)
  Maurice (D:8)
  Psyche (D:9)
  A gargoyle (D:11)
  A centaur skeleton (D:11)
  A troll (D:11)
  2 hornets (D:11)
  The ghost of Lennu the Ruffian, an amateur DrTm (D:4)
  3 two-headed ogres
  A hippogriff (D:10)
  Grinder (D:4)
  2 wraiths (D:12)
  Eustachio (D:6)
  A wyvern (D:9)
  6 yaks
  3 hungry ghosts (D:10)
  A mottled dragon (D:12)
  The ghost of cba the Stinger, an amateur OpVM of Dithmenos (D:3)
  A water moccasin (D:8)
  3 sky beasts (D:9)
  2 ice beasts
  3 orc warriors
  A black bear (D:7)
  An eye of draining (D:11)
  9 ogres
  4 phantoms
  A necrophage (D:9)
  3 centaurs
  A crocodile (D:10)
  7 bullfrogs
  A water moccasin zombie (D:12)
  A wyvern zombie (D:11)
  11 scorpions
  12 wights
  3 howler monkeys (D:8)
  5 crimson imps
  A centaur zombie (D:9)
  A bullfrog zombie (D:6)
  8 orc priests
  8 hounds
  11 orc wizards
  5 iguanas
  10 worker ants
  A hound skeleton (D:6)
  A worker ant zombie (D:5)
  10 adders
  2 shadow imps
  2 oozes
  2 worms
  An adder skeleton (D:5)
  3 dart slugs (D:2)
  A leopard gecko (D:5)
  35 orcs
  A ball python (D:3)
  12 bats
  9 giant cockroaches
  4 goblins
  4 hobgoblins
  5 jackals (D:3)
  3 quokkas
  3 frilled lizards
  A jackal skeleton (D:7)
  10 kobolds
  A leopard gecko skeleton (D:5)
  2 leopard gecko zombies (D:5)
  10 rats
276 creatures vanquished.

Vanquished Creatures (collateral kills)
  3 vampire mosquitoes (D:12)
3 creatures vanquished.

Vanquished Creatures (others)
  13 fungi (D:10)
13 creatures vanquished.

Grand Total: 292 creatures vanquished

Notes
Turn   | Place    | Note
-------+----------+-------------------------------------------
     0 | D:1      | hnnnnnnnnnngh the Ogre Berserker began the quest for the Orb.
     0 | D:1      | Reached XP level 1. HP: 24/24 MP: 1/1
   297 | D:3      | Noticed a worker ant
   306 | D:3      | Killed a worker ant
   306 | D:3      | Reached skill level 5 in Maces & Flails
   306 | D:3      | Reached XP level 2. HP: 15/32 MP: 2/2
   306 | D:3      | Reached XP level 3. HP: 18/39 MP: 3/3
   326 | D:3      | HP: 1/39 [poisoned by a worker ant]
   624 | D:4      | Noticed a scorpion
   633 | D:4      | Killed a scorpion
   633 | D:4      | Reached skill level 6 in Maces & Flails
   633 | D:4      | Reached XP level 4. HP: 48/48 MP: 4/4
   681 | D:4      | Reached skill level 7 in Maces & Flails
   774 | D:4      | Noticed Grinder
   798 | D:4      | Killed Grinder
   798 | D:4      | Reached skill level 9 in Maces & Flails
   798 | D:4      | Reached XP level 5. HP: 54/54 MP: 5/5
   798 | D:4      | Reached XP level 6. HP: 62/62 MP: 6/6
   873 | D:4      | Found a burning altar of Makhleb.
  1154 | D:4      | Found Biatur's Food Emporium.
  1459 | D:4      | Found Teenk's Book Shoppe.
  1704 | D:4      | Reached skill level 10 in Maces & Flails
  1704 | D:4      | Reached XP level 7. HP: 65/70 MP: 7/7
  2753 | D:2      | Reached ** piety under Trog
  2891 | D:3      | Found a sacrificial altar of Ru.
  2894 | D:3      | Found a faded altar of an unknown god.
  2965 | D:3      | Noticed cba's ghost (amateur OpVM)
  2967 | D:3      | Found a bloodstained altar of Trog.
  2974 | D:3      | Gained mutation: You have a somewhat thin skeletal structure. (Dex +2, Stealth) [potion of mutation]
  2974 | D:3      | Gained mutation: You are robust. (+10% HP) [potion of mutation]
  2974 | D:3      | Lost mutation: You are robust. (+10% HP) [potion of mutation]
  2978 | D:3      | Killed cba's ghost
  2978 | D:3      | Reached skill level 11 in Maces & Flails
  3145 | D:3      | Found an ancient bone altar of Kikubaaqudgha.
  3386 | D:3      | Found a bloodstained altar of Trog.
  3386 | D:3      | Found a basalt altar of Yredelemnul.
  3522 | D:4      | Found Fegikk's Assorted Antiques.
  3527 | D:4      | Bought a scroll labeled ARPHAF KEODEG for 20 gold pieces
  3527 | D:4      | Bought a lumpy sapphire potion for 18 gold pieces
  3527 | D:4      | Bought a bubbling black potion for 18 gold pieces
  3527 | D:4      | Bought a scroll labeled ARPHAF KEODEG for 20 gold pieces
  3626 | D:4      | Noticed Lennu's ghost (amateur DrTm)
  3644 | D:4      | Killed Lennu's ghost
  3644 | D:4      | Reached skill level 12 in Maces & Flails
  3644 | D:4      | Reached XP level 8. HP: 46/78 MP: 8/8
  3750 | D:5      | Entered Level 5 of the Dungeon
  3884 | D:5      | Found a shattered altar of Ashenzari.
  4044 | D:5      | Found a shattered altar of Ashenzari.
  4253 | D:6      | Found a blossoming altar of Fedhas.
  4262 | D:6      | Reached skill level 13 in Maces & Flails
  4319 | D:6      | Found a staircase to the Ecumenical Temple.
  4340 | D:6      | Found a shadowy altar of Dithmenos.
  4378 | D:6      | Reached *** piety under Trog
  4383 | D:6      | Noticed Eustachio
  4434 | D:6      | Killed Eustachio
  4434 | D:6      | Reached skill level 14 in Maces & Flails
  4566 | D:6      | Reached XP level 9. HP: 41/84 MP: 9/9
  5222 | D:7      | Reached skill level 15 in Maces & Flails
  5313 | D:7      | Found a snail-covered altar of Cheibriados.
  5491 | D:7      | Found Dito's General Store.
  5496 | D:7      | Bought a scroll of enchant weapon for 90 gold pieces
  5729 | D:8      | Noticed Gastronok
  5735 | D:8      | Killed Gastronok
  5735 | D:8      | Reached skill level 17 in Maces & Flails
  5735 | D:8      | Reached XP level 10. HP: 91/92 MP: 10/10
  6419 | D:8      | Found an opulent altar of Gozag.
  6419 | D:8      | Noticed Maurice
  6664 | D:7      | Reached skill level 18 in Maces & Flails
  6679 | D:7      | Identified 2 scrolls of acquirement
  6680 | D:7      | Got a translucent glass ring
  6681 | D:7      | Identified the ring "Wimureh" {Fire +Blink rPois MR+ Slay+3} (You acquired it on level 7 of the Dungeon)
  6719 | D:7      | Got an ancient steel ring
  6720 | D:7      | Identified the ring of Lischaz {rN+ Int+3} (You acquired it on level 7 of the Dungeon)
  6971 | D:8      | Killed Maurice
  7028 | D:8      | Found a radiant altar of Vehumet.
  7104 | D:8      | Reached **** piety under Trog
  7199 | D:8      | Found a deep blue altar of Sif Muna.
  7532 | D:9      | Gained mutation: You occasionally shout uncontrollably at your foes. [mutagenic meat]
  7533 | D:9      | Gained mutation: Your flesh is cold resistant. (rC+) [mutagenic meat]
  7534 | D:9      | Gained mutation: You have very sharp teeth. [mutagenic meat]
  7535 | D:9      | Gained mutation: Your spells are a little easier to cast, but a little less powerful. [mutagenic meat]
  7537 | D:9      | Lost mutation: Your spells are a little easier to cast, but a little less powerful. [mutagenic meat]
  7773 | D:9      | Noticed Psyche
  7781 | D:9      | Killed Psyche
  7781 | D:9      | Reached skill level 19 in Maces & Flails
  7809 | D:9      | Found a faded altar of an unknown god.
  7809 | D:9      | Found a faded altar of an unknown god.
  7814 | D:9      | Found a white marble altar of Elyvilon.
  7816 | D:9      | Found a faded altar of an unknown god.
  7817 | D:9      | Found a faded altar of an unknown god.
  8094 | D:9      | Reached XP level 11. HP: 92/98 MP: 11/11
  8204 | D:10     | Entered Level 10 of the Dungeon
  8490 | D:10     | Found a staircase to the Lair.
  8501 | D:10     | Reached skill level 20 in Maces & Flails
  9106 | D:10     | Reached ***** piety under Trog
  9373 | D:11     | Noticed a cyclops
  9378 | D:11     | Killed a cyclops
  9738 | D:11     | Noticed a hill giant
  9746 | D:11     | Killed a hill giant
  9897 | D:11     | Noticed a hill giant
  9903 | D:11     | Killed a hill giant
  9903 | D:11     | Reached skill level 21 in Maces & Flails
  9921 | D:11     | Noticed a hill giant
  9926 | D:11     | Killed a hill giant
 10400 | D:11     | HP: 7/150 [hornet (3)]
 10401 | D:11     | HP: 2/150 [hornet (5)]
 10964 | D:11     | HP: 4/150 [ogre/giant club[the player character] (15)]
 10978 | D:11     | HP: 4/150 [something (1)]
 10991 | D:11     | Killed an unseen horror
 11280 | D:12     | Reached XP level 12. HP: 85/107 MP: 12/12
 11301 | D:12     | Reached skill level 22 in Maces & Flails
 11509 | D:12     | Found a staircase to the Orcish Mines.
 11517 | D:12     | Found a roughly hewn altar of Beogh.
 11943 | D:12     | Noticed Frances
 11949 | D:12     | Noticed a sun demon
 11952 | D:12     | Noticed a sun demon
 11956 | D:12     | Killed Frances
 12300 | D:12     | Reached skill level 23 in Maces & Flails
 13082 | D:13     | Noticed a centaur warrior
 13090 | D:13     | Slain by a hill giant

Skill      XL: |  1  2  3  4  5  6  7  8  9 10 11 12 |
---------------+-------------------------------------+-----
Maces & Flails | 5 6 9 10 12 14 17 19 21 23 | 23.3
Fighting       | |  4.0
Dodging        | |  2.6

Action                   |  1- 3 |  4- 6 |  7- 9 | 10-12 || total
-------------------------+-------+-------+-------+-------++-------
Melee: Mace              |    36 |    66 |       |       ||   102
       Giant club        |       |       |   226 |   428 ||   654
       Giant spiked club |       |       |    40 |    18 ||    58
       Morningstar       |       |       |       |    41 ||    41
       Bite              |       |       |       |    44 ||    44
Throw: Large rock        |       |       |       |     5 ||     5
Invok: Berserk           |     2 |     4 |     1 |     4 ||    11
       Brothers in Arms  |       |       |       |     2 ||     2
  Use: Potion            |       |     1 |     5 |    12 ||    18
       Scroll            |       |       |     1 |    13 ||    14
 Stab: Sleeping          |       |       |     6 |       ||     6
       Invisible         |       |       |     1 |       ||     1
       Betrayed ally     |       |       |       |     1 ||     1
  Eat: Chunk             |       |     4 |    14 |    25 ||    43
       Bread ration      |       |     1 |       |     2 ||     3
       Beef jerky        |       |       |       |     2 ||     2
       Fruit             |       |       |       |     1 ||     1
       Pizza             |       |       |       |     1 ||     1
Armor: Animal skin       |    11 |     3 |       |       ||    14
       Robe              |       |     4 |    69 |   131 ||   204
       Skin              |       |       |       |    27 ||    27
Dodge: Dodged            |    30 |    23 |   136 |   178 ||   367
